 Dungeon Crawl Stone Soup version 0.13.0-5-g7e31f0a (webtiles) character file.

208 HungrySpirit the Chopper (level 4, -1/43 HPs)
             Began as a Deep Dwarf Fighter on Oct 14, 2013.
             Killed from afar by Sigmund (2 damage)
             ... with a wand of frost
             ... on Level 3 of the Dungeon.
             The game lasted 00:04:02 (1130 turns).

HungrySpirit the Chopper (Deep Dwarf Fighter)       Turns: 1130, Time: 00:04:03

HP  -1/43        AC  9     Str 20      XL: 4   Next: 31%
MP   3/3         EV  6     Int 13      God:
Gold 119         SH 21     Dex 12      Spells:  0 memorised,  3 levels left

Res.Fire  : . . .   See Invis. : .   a - +0 dwarf hand axe {=f}
Res.Cold  : + . .   Warding    : .   b - +0 dwarf scale mail
Life Prot.: . . .   Conserve   : .   c - +0 dwarf shield
Res.Poison: .       Res.Corr.  : .   (no helmet)
Res.Elec. : .       Clarity    : .   A - +0 cloak
Sust.Abil.: . .     Spirit.Shd : .   (no gloves)
Res.Mut.  : .       Stasis     : .   (no boots)
Res.Rott. : .       Flight     : .   (no amulet)
Saprovore : . . .                    w - +4 ring of intelligence
                                     e - ring of protection from cold

@: non-regenerating, slightly resistant to hostile enchantments, extremely
unstealthy
A: damage resistance, recharge devices, sense surroundings 1, slow healing 3
a: Device Recharging


You were on level 3 of the Dungeon.
You were not hungry.

You visited 1 branch of the dungeon, and saw 3 of its levels.

You collected 99 gold pieces.

Inventory:

Hand weapons
 a - a +0,+0 dwarven hand axe (weapon) {=f}
Armour
 b - a +0 dwarven scale mail (worn)
 c - a +0 dwarven shield (worn)
 A - a +0 cloak (worn)
Magical devices
 d - a wand of heal wounds (5)
Comestibles
 f - 2 bread rations
 k - 2 meat rations
 l - a cheese
 m - a pear
 n - a snozzcumber
 o - a choko
Scrolls
 g - 2 scrolls of fog {unknown}
 h - 2 scrolls of identify {unknown}
 j - a scroll of recharging {unknown}
 q - 2 scrolls of teleportation {unknown}
 s - a scroll of fear {unknown}
 u - a scroll of blinking {unknown}
 x - a scroll of noise {unknown}
 y - a scroll of magic mapping {unknown}
Jewellery
 e - a ring of protection from cold (left hand)
 w - a +4 ring of intelligence (right hand)
Potions
 i - a potion of curing {unknown}
 r - a potion of speed {unknown}
 t - a potion of paralysis {unknown}
 z - a potion of cure mutation {unknown}


   Skills:
 - Level 2.6 Fighting
 + Level 5.1 Axes
 - Level 3.2 Armour
 - Level 3.2 Shields


You had 3 spell levels left.
You didn't know any spells.

Dungeon Overview and Level Annotations

Branches:
Dungeon (3/27)

Altars:

Annotations:
D:3 Sigmund


Innate Abilities, Weirdness & Mutations

You are resistant to damage.
You can recharge devices by infusing magical energy.
You passively map a small area around you.
You do not heal naturally.


Message History

Sigmund zaps a wand.
The puff of frost hits you! You resist.
* * * LOW HITPOINT WARNING * * *
You closely miss Sigmund.
Sigmund is heavily wounded.
Sigmund hits you but does no damage.
You hit Sigmund.
Sigmund is severely wounded.
Sigmund zaps a wand.
The puff of frost hits you! You resist.
Your sedimented pink potion freezes and shatters!
* * * LOW HITPOINT WARNING * * *
You completely miss Sigmund.
Sigmund is severely wounded.
Sigmund gestures at you while chanting. The magic dart hits you!
* * * LOW HITPOINT WARNING * * *
You completely miss Sigmund.
Sigmund is severely wounded.
Sigmund zaps a wand.
The puff of frost hits you! You resist.
Your red potion freezes and shatters!
You die...

*#..
#.#.###...###...# ,
#., #.#........
...(# #. #.####...##
#...# #.. #.# #...#
#...# #.##.. #.#
#...# #...#
#.....#####.####...#
#...#
#..................#
#....
#..................#
#.... *
#........@@..###...#
#....
........####..#
#...####.... .......
#..# #........... ,*
#...... #..#
#........... #..@...
#..# #...####....
.$....* #..# #...#
#.... , .....* #..#
#>..# #.... ....
#.(# #...# #)... .
#..# #...# #....


You could see Sigmund.

Vanquished Creatures
  4 adders
  A gnoll (D:1)
  An ooze (D:1)
  An orc (D:3)
  5 bats
  3 giant cockroaches
  4 hobgoblins
  3 jackals (D:1)
  A giant newt (D:1)
  7 goblins
  6 kobolds
  A quokka skeleton (D:3)
  7 rats
44 creatures vanquished.

Notes
Turn   | Place    | Note
--------------------------------------------------------------
     0 | D:1      | HungrySpirit, the Deep Dwarf Fighter, began the quest for the Orb.
     0 | D:1      | Reached XP level 1. HP: 21/21 MP: 0/0
   105 | D:1      | Reached XP level 2. HP: 25/28 MP: 1/1
   290 | D:1      | Reached XP level 3. HP: 25/34 MP: 2/2
   438 | D:2      | Reached skill level 4 in Axes
  1000 | D:3      | Reached XP level 4. HP: 31/43 MP: 3/3
  1045 | D:3      | Reached skill level 5 in Axes
  1110 | D:3      | Noticed Sigmund
  1129 | D:3      | HP: 1/43 [Sigmund/magic dart (8)]
  1130 | D:3      | Killed from afar by Sigmund

Action                   |  1- 3 |  4- 6 || total
-------------------------+-------+-------++-------
Melee: Hand axe          |   114 |    39 ||   153
